 Dungeon Crawl Stone Soup version 0.30-a0-760-g5a9884bb7c (webtiles) character file.

Game seed: 5240114825564742088

14037 BubbleThief the Fighter (level 12, -7/123 HPs)
             Began as a Naga Venom Mage on Feb 11, 2023.
             Was a Believer of Uskayaw.
             Mangled by a swamp worm (14 damage)
             ... on level 2 of the Lair of Beasts on Feb 12, 2023.
             The game lasted 00:27:32 (11927 turns).

BubbleThief the Fighter (Naga Venom Mage)          Turns: 11927, Time: 00:27:32

Health: -7/123     AC: 13    Str: 10    XL:     12   Next: 12%
Magic:  18/21      EV: 10    Int: 19    God:    Uskayaw [**....]
Gold:   617        SH:  5    Dex: 14    Spells: 15/23 levels left

rFire   . . .      SeeInvis +    u - +7 scimitar of Rotation {pain, rElec}
rCold   . . .      Faith    .    (no shield)
rNeg    . . .      Spirit   .    n - +0 steam dragon scales
rPois   +          Reflect  +    I - +0 helmet
rElec   +          Harm     .    m - +1 cloak
rCorr   .          Rampage  .    (no gloves)
Will    +....                    (no barding)
Stlth   ++                       G - amulet of reflection
HPRegen 0.40/turn                p - +4 ring of protection
MPRegen 0.17/turn                (no ring)

@: very slightly contaminated, very slow
A: AC +4, large, see invisible, deformed body, poison resistance, slowness 2,
spit poison 1, naga tail 1
a: Spit Poison, Renounce Religion, Stomp, Line Pass


You were on level 2 of the Lair of Beasts.
You worshipped Uskayaw.
Uskayaw was noncommittal.
You visited 3 branches of the dungeon, and saw 13 of its levels.

You collected 685 gold pieces.
You spent 68 gold pieces at shops.

Inventory:

Hand Weapons
 u - the +7 scimitar of Rotation (weapon) {pain, rElec}
   (You found it on level 5 of the Dungeon)

   rElec:     It insulates you from electricity.
Armour
 i - a +0 kite shield
 m - a +1 cloak (worn)
 n - +0 steam dragon scales (worn)
 I - a +0 helmet (worn)
Jewellery
 p - a +4 ring of protection (left hand)
 G - an amulet of reflection (around neck)
 H - a ring of magical power
Wands
 g - a wand of flame (1)
 j - a wand of digging (5)
 k - a wand of roots (15)
 v - a wand of charming (14)
 z - a wand of quicksilver (1)
Scrolls
 c - 8 scrolls of identify
 f - a scroll of enchant armour
 h - 6 scrolls of teleportation
 w - a scroll of poison
 y - 3 scrolls of enchant weapon
 A - 2 scrolls of fog {unknown}
 B - 3 scrolls of butterflies {unknown}
 C - a scroll of silence
 D - a scroll of magic mapping
 F - a scroll of amnesia
Potions
 a - 2 potions of attraction {unknown}
 b - 4 potions of magic
 d - 6 potions of heal wounds
 e - 2 potions of might
 l - a potion of haste {unknown}
 o - a potion of curing
 q - a potion of invisibility {unknown}
 r - 2 potions of flight
 s - 4 potions of cancellation
 t - a potion of berserk rage {unknown}
 x - 3 potions of degeneration {unknown}
 E - a potion of brilliance


   Skills:
 + Level 12.4 Fighting
 + Level 12.0 Long Blades
 - Level 1.5 Dodging
 - Level 3.0 Stealth
 - Level 6.0 Spellcasting
 - Level 3.0 Transmutations
 - Level 8.0 Poison Magic


You had 15 spell levels left.
You knew the following spells:

 Your Spells              Type           Power      Damage    Failure   Level
a - Sting                 Tmut/Pois      100%       1d8       1%          1
b - Mephitic Cloud        Conj/Pois/Air  15%        N/A       11%         3
c - Olgreb's Toxic Radia  Pois           36%        N/A       4%          4

Your spell library contained the following spells:

 Spells                   Type           Power      Damage    Failure   Level
 Poisonous Vapours        Pois/Air       40%        N/A       3%          2
 Apportation              Tloc           10%        N/A       11%         1
 Freeze                   Ice            20%        1d4       11%         1
 Necrotise                Necr           20%        1d5       11%         1
 Summon Small Mammal      Summ           20%        N/A       11%         1
 Scorch                   Fire           10%        2d5       17%         2
 Frozen Ramparts          Ice            10%        1d2       32%         3
 Hailstorm                Conj/Ice       5%         3d4       32%         3
 Inner Flame              Hex/Fire       5%         N/A       32%         3
 Vampiric Draining        Necr           5%         2d6       32%         3
 Cause Fear               Hex            2%         N/A       73%         4
 Flame Wave               Conj/Fire      5%         2d5       73%         4
 Sticky Flame             Conj/Fire      5%         2d3       73%         4
 Agony                    Necr           5%         N/A       97%         5
 Summon Cactus Giant      Summ           2%         N/A       100%        6
 Discord                  Hex            2%         N/A       100%        8


Dungeon Overview and Level Annotations

Branches:
Dungeon (10/15)            Temple (1/1) D:7            Lair (2/5) D:10
  Swamp: Lair:2-3    Shoals: Lair:2-3     Snake: Lair:2-3    Spider: Lair:2-3
    Orc: D:9-12

Altars:
Ashenzari
Cheibriados
Dithmenos
Elyvilon
Fedhas
Kikubaaqudgha
Makhleb
Ru
Uskayaw
Wu Jian
Yredelemnul

Shops:
D:5 =   D:10 !

Annotations:
D:6 1 runed translucent door, domi's ghost, novice DsHW
D:10 3 runed translucent doors, Dittersdorf's ghost, journeyman GrFi
Lair:1 2 transporters, exclusions: 2 ice statues and oklob plant, boo's ghost, journeyman MiFi
Lair:2 exclusion: hydra


Innate Abilities, Weirdness & Mutations

Your serpentine skin is tough. (AC +4)
You have supernaturally acute eyesight. (SInv)
Armour fits poorly on your strangely shaped body.
Your system is resistant to poisons. (rPois)
You cover ground very slowly.
You can spit poison.
You have a snake-like lower body.


Message History

A swamp worm comes into view.
The swamp worm attacks as you move away!
The swamp worm bites you! The bog body barely misses you.
The swamp worm fires a harpoon shot at you.
The harpoon shot misses you. You block the bog body's attack.
You slash the bog body! Your punch misses the bog body.
The bog body is severely damaged.
The bog body touches you! The bog body freezes you!
* * * LOW HITPOINT WARNING * * *
You can now pass through a line of other dancers.
You slash the bog body!
The bog body is almost destroyed.
The swamp worm bites you!
* * * LOW HITPOINT WARNING * * *
You barely miss the bog body.
The bog body is almost destroyed.
The swamp worm bites you!
* * * LOW HITPOINT WARNING * * *
The bog body points at you and mumbles some strange words.
You easily resist.
You feel much better.
The swamp worm bites you but does no damage.
The bog body gestures at you while chanting.
You easily resist.
The swamp worm bites you!
* * * LOW HITPOINT WARNING * * *
You slash the bog body!
You destroy the bog body!
The swamp worm bites you.
* * * LOW HITPOINT WARNING * * *
Your Long Blades skill increases to level 12!
Casting: Olgreb's Toxic Radiance (mildly dangerous; 4% risk of failure)
Confirm with . or Enter, or press ? or * to list all spells.
Aiming: Mephitic Cloud (mildly dangerous; 11% risk of failure)
Press: ? - help, Shift-Dir - straight line, f - you You miscast Mephitic Cloud.
You are very lightly contaminated with residual magic.
Nothing appears to happen.
The swamp worm bites you!
* * * LOW HITPOINT WARNING * * *
The swamp worm bites you!
You die...

## ..#.## .... ...##
♣♣♣♣♣ ....##
♣≈~~~♣♣♣....#
^♣w♣...w†..⌠...#
.....♣.♣@..⌠..# ♣
♣~≈w♣♣♣..P# ♣♣♣♣♣
♣♣♣♣♣♣...###
....♣♣♣♣♣♣♣♣......##.#
...................###
........##.###......#
##......#......#..###
##......#......P..P#
###...............P#


You could see 2 swamp worms.

Vanquished Creatures
  A centaur warrior (D:10)
  A boulder beetle (D:10)
  A two-headed ogre (D:9)
  Amaemon (Lair:1)
  A bog body (Lair:2)
  3 lindwurms (Lair:1)
  Pikel (D:8)
  Maurice (D:9)
  An orange demon (Lair:1)
  2 cane toads
  A troll (D:9)
  Grinder (D:6)
  A hornet (D:7)
  4 blink frogs (Lair:1)
  Sigmund (D:4)
  A shadow (D:10)
  A wyvern (D:9)
  Grum (Lair:1)
  Eustachio (D:4)
  A wraith (D:9)
  10 yaks
  2 steam dragons
  2 vampire mosquitoes (D:10)
  Edmund (D:6)
  An acid dragon (D:9)
  Menkaure (D:4)
  2 water moccasins (Lair:1)
  3 orc warriors
  A black bear (D:6)
  An ice beast (D:7)
  2 ogres (D:4)
  3 wolves (Lair:1)
  2 centaurs
  A phantom (D:6)
  7 bullfrogs
  A necrophage (D:7)
  2 kobold brigands (D:8)
  2 scorpions (D:4)
  3 gnoll sergeants
  6 killer bees (D:9)
  An electric eel (D:7)
  6 howler monkeys
  4 hounds
  2 jellies
  5 orc priests
  Crazy Yiuf (D:2)
  A gnoll bouda (D:6)
  6 iguanas
  3 orc wizards
  21 gnolls
  9 adders
  3 white imps
  3 worms
  A dart slug (D:2)
  11 orcs
  10 bats
  2 endoplasms
  5 giant cockroaches
  7 hobgoblins
  3 jackals (D:2)
  19 kobolds
  4 quokkas
  8 ball pythons
  3 frilled lizards
  11 goblins
  4 rats
232 creatures vanquished.

Vanquished Creatures (others)
  A plant (Lair:2)
1 creature vanquished.

Grand Total: 233 creatures vanquished

Notes
Turn   | Place    | Note
-------+----------+-------------------------------------------
     0 | D:1      | BubbleThief the Naga Venom Mage began the quest for the
                  | Orb.
     0 | D:1      | Reached XP level 1. HP: 15/15 MP: 3/3
   129 | D:1      | You fall into a shaft and drop 1 floor!
   150 | D:1      | Reached XP level 2. HP: 22/22 MP: 1/5
   690 | D:2      | Reached XP level 3. HP: 16/28 MP: 1/6
  1159 | D:2      | Reached XP level 4. HP: 36/36 MP: 3/8
  1497 | D:2      | Reached skill level 5 in Poison Magic
  1707 | D:2      | Found a runed translucent door.
  1708 | D:2      | Noticed Crazy Yiuf
  1714 | D:2      | Learned a level 3 spell: Mephitic Cloud
  1719 | D:2      | Learned a level 4 spell: Olgreb's Toxic Radiance
  1725 | D:2      | Killed Crazy Yiuf
  1726 | D:2      | Reached XP level 5. HP: 29/42 MP: 4/9
  2642 | D:3      | Found a sacrificial altar of Ru.
  2837 | D:4      | Noticed a steam dragon
  2850 | D:4      | Killed a steam dragon
  2851 | D:4      | Reached XP level 6. HP: 49/49 MP: 3/12
  2974 | D:4      | Reached XP level 7. HP: 55/55 MP: 6/13
  3369 | D:4      | Noticed Sigmund
  3378 | D:4      | Killed Sigmund
  3379 | D:4      | Reached skill level 5 in Spellcasting
  3696 | D:4      | Reached skill level 1 in Fighting
  3868 | D:4      | Noticed Eustachio
  3886 | D:4      | Killed Eustachio
  3887 | D:4      | Reached XP level 8. HP: 32/68 MP: 1/16
  4131 | D:4      | Noticed Menkaure
  4153 | D:5      | Entered Level 5 of the Dungeon
  4258 | D:5      | Identified the +7 scimitar of Rotation {pain, rElec}
  4283 | D:5      | Found Kiodut Voyh's Jewellery Shop.
  4835 | D:6      | Noticed Grinder
  4837 | D:6      | Paralysed by Grinder for 4 turns
  4860 | D:6      | Killed Grinder
  5364 | D:6      | Reached skill level 5 in Fighting
  5384 | D:6      | Noticed a yak
  5386 | D:6      | Noticed a yak
  5392 | D:6      | Killed a yak
  5392 | D:6      | Noticed a yak
  5393 | D:6      | Reached XP level 9. HP: 80/81 MP: 10/18
  5401 | D:6      | Reached skill level 5 in Long Blades
  5508 | D:6      | Found a runed translucent door.
  5568 | D:6      | Noticed Edmund
  5582 | D:6      | Killed Edmund
  5718 | D:6      | Noticed domi's ghost (novice DsHW)
  5887 | D:7      | Noticed a hornet
  5890 | D:7      | Killed a hornet
  6443 | D:7      | Found a staircase to the Ecumenical Temple.
  6454 | Temple   | Entered the Ecumenical Temple
  6568 | Temple   | Became a worshipper of Uskayaw the Reveller
  6736 | D:7      | Reached * piety under Uskayaw
  6738 | D:7      | Reached ** piety under Uskayaw
  6745 | D:7      | Reached *** piety under Uskayaw
  6990 | D:8      | Noticed Pikel
  6998 | D:8      | Killed Pikel
  6999 | D:8      | Reached XP level 10. HP: 90/96 MP: 12/19
  8055 | D:4      | Killed Menkaure
  8654 | D:9      | Reached **** piety under Uskayaw
  8656 | D:9      | Noticed a two-headed ogre
  8661 | D:9      | Reached ***** piety under Uskayaw
  8665 | D:9      | Killed a two-headed ogre
  8849 | D:9      | Noticed Maurice
  8858 | D:9      | Killed Maurice
  9232 | D:9      | Reached skill level 10 in Fighting
  9545 | D:10     | Entered Level 10 of the Dungeon
  9551 | D:10     | Reached XP level 11. HP: 106/108 MP: 15/20
  9771 | D:10     | Noticed a centaur warrior
  9780 | D:10     | Killed a centaur warrior
  9781 | D:10     | Reached skill level 10 in Long Blades
  9940 | D:10     | Found a staircase to the Lair.
 10027 | D:10     | Found a runed translucent gate.
 10027 | D:10     | Found a runed translucent gate.
 10028 | D:10     | Found a runed translucent gate.
 10033 | D:10     | Noticed Dittersdorf's ghost (journeyman GrFi)
 10260 | D:10     | Found Curgheiz's Distillery.
 10271 | D:10     | Bought a potion of brilliance for 68 gold pieces
 10309 | D:10     | Noticed a boulder beetle
 10320 | D:10     | Killed a boulder beetle
 10711 | Lair:1   | Entered Level 1 of the Lair of Beasts
 10711 | Lair:1   | Noticed Amaemon
 10731 | Lair:1   | Killed Amaemon
 11008 | Lair:1   | Noticed a lindwurm
 11020 | Lair:1   | Killed a lindwurm
 11042 | Lair:1   | Noticed a lindwurm
 11048 | Lair:1   | Noticed a lindwurm
 11056 | Lair:1   | Killed a lindwurm
 11090 | Lair:1   | Killed a lindwurm
 11225 | Lair:1   | Noticed Grum
 11233 | Lair:1   | Killed Grum
 11328 | Lair:1   | Noticed an oklob plant
 11409 | Lair:1   | Noticed boo's ghost (journeyman MiFi)
 11429 | Lair:1   | Found a transporter.
 11429 | Lair:1   | Found a transporter.
 11537 | Lair:1   | Reached XP level 12. HP: 111/122 MP: 19/21
 11811 | Lair:1   | Noticed a seven-headed hydra
 11844 | Lair:2   | Noticed an eight-headed hydra
 11927 | Lair:2   | Mangled by a swamp worm

Illustrated notes

Levels and vault maps discovered:
D:1:      dpeg_arrival_rooms_a, layout_rooms, reono_crystal_passage
D:2:      kb_forest_paths, layout_basic, uniq_crazy_yiuf_cottage
D:3:      layout_loops_corners, general_overflow_altar
D:4:      layout_gridville, kennysheep_generic_room_15, uniq_menkaure,
          uniq_sigmund, uniq_eustachio
D:5:      layout_basic, serial_shops, shop, kennysheep_path_1,
          serial_bayou_pond_d, hangedman_decor_peaks_small
D:6:      layout_loops_ring, ebering_ghost_reflecting_pool, uniq_edmund,
          uniq_grinder
D:7:      layout_basic, minmay_temple_entry_mist, kennysheep_dice
D:8:      layout_loops_ring, minmay_misc_feat_columns, uniq_pikel
D:9:      layout_loops_corners, minmay_tree_intersection,
          chequers_serial_rivers_room_b, uniq_maurice
D:10:     layout_loops_cross, lair_entry_dummy, serial_shops,
          nicolae_shop_window_shopping, ebering_ghost_rock_garden
Temple:   roderic_octagonal_lattice_temple
Lair:1:   cheibrodos_lair_river_kwai, layout_chaotic_city, nzn_ghost_randoct,
          nicolae_lair_lindhole, uniq_amaemon, uniq_grum
Lair:2:   layout_regular_city, nicolae_swamp_entry_splash_gauntlet

Skill      XL: |  1  2  3  4  5  6  7  8  9 10 11 12 |
---------------+-------------------------------------+-----
Transmutations | 2 3 |  3.0
Poison Magic   | 5 6 7 8 |  8.0
Spellcasting   | 3 4 5 6 |  6.0
Fighting       | 2 5 8 10 12 | 12.4
Long Blades    | 4 7 9 11 12 | 12.0
Dodging        | |  1.5
Stealth        | |  3.0

Action                     |  1- 3 |  4- 6 |  7- 9 | 10-12 || total
---------------------------+-------+-------+-------+-------++-------
  Melee: Unarmed           |     1 |       |       |       ||     1
         Dagger            |     4 |       |       |       ||     4
         Hand axe          |       |       |     8 |       ||     8
         Scimitar          |       |       |    74 |   177 ||   251
         Punch             |       |       |       |     2 ||     2
   Cast: Sting             |    40 |    44 |    65 |    16 ||   165
         Mephitic Cloud    |       |     4 |     4 |    10 ||    18
         Olgreb's Toxic Ra |       |       |    17 |    35 ||    52
Ability: Spit Poison       |    35 |    38 |    46 |    23 ||   142
  Evoke: Wand              |       |       |     2 |     3 ||     5
    Use: Scroll            |       |       |    14 |     1 ||    15
         Potion            |       |       |       |     1 ||     1
   Stab: Paralysed         |       |       |     1 |    11 ||    12
         Sleeping          |       |       |     1 |     1 ||     2
         Confused          |       |       |       |     5 ||     5
 Armour: Robe              |     9 |     8 |    43 |       ||    60
         Steam dragon scal |       |       |    14 |    76 ||    90
  Dodge: Dodged            |    12 |    23 |    63 |   104 ||   202
  Block: Other             |       |       |       |    11 ||    11
         Reflection        |       |       |       |     1 ||     1

Table legend: (Time is in decaauts)
 A = Elapsed time spent in this place.
 B = Non-inter-level travel time spent in this place.
 C = Inter-level travel time spent in this place.
 D = Time resting spent in this place.
 E = Time spent auto-exploring this place.
 F = Levels seen in this place.
 G = Mean time per level.
                   A        B        C        D        E       F      G
               +--------+--------+--------+--------+--------+-----+--------+
         Total |  14994 |  14174 |    820 |    241 |  12053 |  13 | 1153.4 |
       Dungeon |  13331 |  12625 |    706 |    226 |  10795 |  10 | 1333.1 |
        Temple |    193 |    161 |     32 |      0 |    140 |   1 |  193.0 |
          Lair |   1470 |   1388 |     82 |     15 |   1117 |   2 |  735.0 |
               +--------+--------+--------+--------+--------+-----+--------+

Top non-repeatable levels by time:
     D:4: 1750 daAuts
     D:9: 1681 daAuts
     D:3: 1467 daAuts
     D:6: 1430 daAuts
  Lair:1: 1405 daAuts
    D:10: 1400 daAuts
     D:2: 1335 daAuts
     D:7: 1311 daAuts
     D:8: 1205 daAuts
     D:5: 914 daAuts
     D:1: 836 daAuts
  Temple: 193 daAuts
  Lair:2: 65 daAuts
